 Dungeon Crawl Stone Soup version 0.25.1-2-g60ff931df9 (webtiles) character file.

Game seed: 13022317141979337003

415 DogServant the Chiller (level 6, 9/32 HPs)
             Began as a Vine Stalker Ice Elementalist on Nov 19, 2020.
             Quit the game on level 4 of the Dungeon.
             The game lasted 00:05:28 (4108 turns).

DogServant the Chiller (VSIE)                       Turns: 4108, Time: 00:05:28

Health: 9/32       AC:  4    Str: 10    XL:     6   Next: 91%
Magic:  5/11       EV: 12    Int: 16    God:
Gold:   257        SH:  0    Dex: 16    Spells: 0/11 levels left

rFire    . . .     SeeInvis .     - Unarmed
rCold    . . .     Gourm    .   (no shield)
rNeg     . . .     Faith    .   a - +0 robe
rPois    .         Spirit   +   (no helmet)
rElec    .         Reflect  .   m - +1 cloak
rCorr    .         Harm     .   (no gloves)
MR       .....                  (no boots)
Stlth    ++........             (no amulet)
HPRegen  0.50/turn              (no ring)
MPRegen  0.12/turn              (no ring)

@: lethally poisoned (9 -> -3), frozen ramparts
A: fangs 2, regeneration 1, magic shield, antimagic bite, no potion heal 3, rot
immunity
a: no special abilities


You were on level 4 of the Dungeon.
You were not hungry.

You visited 1 branch of the dungeon, and saw 4 of its levels.

You collected 257 gold pieces.

Inventory:

Armour
 a - a +0 robe (worn)
 m - a +1 cloak (worn)
Wands
 i - a wand of acid (16)
Scrolls
 e - 7 scrolls of identify {unknown}
 f - 2 scrolls of magic mapping {unknown}
 g - 2 scrolls of amnesia {unknown}
 h - a scroll of enchant armour {unknown}
 l - 3 scrolls of remove curse {unknown}
 o - a scroll of noise {unknown}
 q - a scroll of immolation {unknown}
 u - a scroll of enchant weapon {unknown}
Potions
 b - 3 potions of haste {unknown}
 d - a potion of brilliance {unknown}
 j - a potion of resistance {unknown}
 k - a potion of magic {unknown}
 n - 2 potions of flight {unknown}
 p - a potion of invisibility {unknown}
 r - a potion of lignification {unknown}
 s - a potion of curing {unknown}
 t - a potion of mutation {unknown}
Comestibles
 c - 6 rations
 v - 2 chunks of flesh


   Skills:
 + Level 3.1 Fighting
 - Level 1.5 Dodging
 - Level 2.4 Stealth
 + Level 3.3 Unarmed Combat
 - Level 3.0 Spellcasting
 + Level 5.7 Ice Magic


You couldn't memorise any spells.
You knew the following spells:

 Your Spells              Type           Power        Failure   Level  Hunger
a - Freeze                Ice            ###.         1%          1    #......
b - Frozen Ramparts       Ice            ###...       5%          3    ###....
c - Ozocubu's Armour      Chrm/Ice       ##......     17%         3    ###....
d - Hailstorm             Conj/Ice       ##......     50%         4    #####..

Your spell library contained the following spells:

 Spells                   Type           Power        Failure   Level  Hunger
 Summon Ice Beast         Ice/Summ       ##......     50%         4    #####..


Dungeon Overview and Level Annotations

Branches:
Dungeon (4/15)
 Temple: D:4-7

Altars:
Gozag
Zin


Innate Abilities, Weirdness & Mutations

You have extremely sharp teeth.
Your natural rate of healing is unusually fast.
When hurt, damage is shared between your health and your magic reserves.
Your bite disrupts and absorbs the magic of your enemies.
Potions cannot restore your health.
You are immune to rotting.


Message History

You are lethally poisoned!
The scorpion poisons you!
You feel very sick.
You see here 18 gold pieces.
Casting: Freeze (safe; 1% risk of failure)
Confirm with . or Enter, or press ? or * to list all spells.
The walls around you are covered in ice.
You feel sick.
The wall freezes the scorpion.
The scorpion barely misses you.
You feel sick.
The wall freezes the scorpion.
You kill the scorpion!
Your Fighting skill increases to level 3!
Unknown command.
* * * LOW HITPOINT WARNING * * *
You feel very sick.
You see here 18 gold pieces.
There is a lethal amount of poison in your body!
There is a lethal amount of poison in your body!
There is a lethal amount of poison in your body!
Okay, then.
Are you sure you want to abandon this character and quit the game? (Confirm with "yes".)

.#........#....#
.#...>....#....#
.#..##.÷..#..?.#
.##+##'####....#####
.# #..............#
.#
#..............#+####
#....................
#....................
#......../..@†.......
#....##########......
#....+ ...... #....#
..... #....# .....
##### ####


There were no monsters in sight!

Vanquished Creatures
  Sigmund (D:2)
  A scorpion (D:4)
  Crazy Yiuf (D:2)
  Jessica (D:2)
  8 adders
  An ooze (D:3)
  A worm (D:3)
  3 dart slugs
  4 leopard geckos
  An orc (D:3)
  2 ball pythons
  5 giant cockroaches
  13 hobgoblins
  4 jackals (D:3)
  2 quokkas (D:3)
  5 bats
  5 frilled lizards
  5 goblins
  8 kobolds
  7 rats
78 creatures vanquished.

Notes
Turn   | Place    | Note
-------+----------+-------------------------------------------
     0 | D:1      | DogServant the Vine Stalker Ice Elementalist began the
                  | quest for the Orb.
     0 | D:1      | Reached XP level 1. HP: 9/9 MP: 4/4
   247 | D:1      | Reached XP level 2. HP: 13/13 MP: 1/6
   755 | D:1      | Reached XP level 3. HP: 13/16 MP: 8/8
  1200 | D:2      | Noticed Sigmund
  1597 | D:2      | Reached skill level 1 in Fighting
  1597 | D:2      | Gained mutation: Your natural rate of healing is unusually
                  | fast. [Vine Stalker growth]
  1597 | D:2      | Reached XP level 4. HP: 13/22 MP: 5/9
  1709 | D:2      | Reached skill level 1 in Unarmed Combat
  1830 | D:2      | Noticed Jessica
  1837 | D:2      | Killed Jessica
  1898 | D:2      | Learned a level 3 spell: Frozen Ramparts
  1902 | D:2      | Learned a level 3 spell: Ozocubu's Armour
  1989 | D:2      | Killed Sigmund
  1989 | D:2      | Reached skill level 5 in Ice Magic
  1989 | D:2      | Reached XP level 5. HP: 19/27 MP: 0/10
  1989 | D:2      | Reached XP level 6. HP: 23/32 MP: 0/11
  2088 | D:2      | Found a runed translucent door.
  2089 | D:2      | Noticed Crazy Yiuf
  2781 | D:2      | Killed Crazy Yiuf
  3560 | D:3      | Found a glowing silver altar of Zin.
  3560 | D:3      | Found an opulent altar of Gozag.
  3846 | D:3      | Learned a level 4 spell: Hailstorm
  4108 | D:4      | Quit the game

Illustrated notes

Levels and vault maps discovered:
D:1:      minmay_arrival_up_and_down, layout_basic
D:2:      layout_basic, uniq_jessica, uniq_crazy_yiuf_cottage, uniq_sigmund
D:3:      layout_loops_ring, grunt_temple_overflow_gold_and_silver,
          first_ration, kennysheep_generic_room_6
D:4:      layout_gridville, serial_shops, shop

Skill      XL: |  1  2  3  4  5  6 |
---------------+-------------------+-----
Spellcasting   | 3 |  3.0
Fighting       | 1 2 3 |  3.1
Unarmed Combat | 2 3 |  3.3
Ice Magic      | 5 |  5.7
Dodging        | |  1.5
Stealth        | |  2.4

Action                   |  1- 3 |  4- 6 || total
-------------------------+-------+-------++-------
Melee: Unarmed           |    55 |    94 ||   149
       Bite              |    12 |    22 ||    34
       Punch             |       |     2 ||     2
 Cast: Freeze            |    34 |    27 ||    61
       Frozen Ramparts   |       |    16 ||    16
 Stab: Sleeping          |     2 |     7 ||     9
  Eat: Chunk             |     1 |     8 ||     9
       Ration            |       |     1 ||     1
Armor: Robe              |    13 |    31 ||    44
Dodge: Dodged            |    53 |    88 ||   141
